 Dungeon Crawl Stone Soup version 0.30-a0-394-g3e4acdb0ae (webtiles) character file.

Game seed: 3356972226454941425

3794 zishaf the Fighter (level 10, -18/78 HPs)
             Began as a Djinni Venom Mage on Dec 6, 2022.
             Killed from afar by a gargoyle (26 damage)
             ... with a stone arrow
             ... on level 7 of the Dungeon on Dec 7, 2022.
             The game lasted 00:14:00 (7037 turns).

zishaf the Fighter (Djinni Venom Mage)              Turns: 7037, Time: 00:14:01

Health: -18/78     AC:  8    Str:  7    XL:     10   Next: 39%
Gold:   1312       EV: 10    Int: 21    God:
                   SH:  9    Dex: 14

rFire   + + .      SeeInvis .    x - +4 dagger
rCold   . . .      Faith    .    y - +0 kite shield
rNeg    . . .      Spirit   .    z - +0 steam dragon scales
rPois   ∞          Reflect  .    (no helmet)
rElec   .          Harm     .    r - +2 cloak
rCorr   .          Rampage  .    (no gloves)
Will    ++...                    (boots unavailable)
Stlth   ++........               (no amulet)
HPRegen 0.33/turn                p - ring of willpower
MPRegen 0.00/turn                e - ring of protection from cold

@: flying
A: sickness immunity, fire resistance 2, cold vulnerability 1, float, innate
caster, HP casting, extra vitality 1
a: no special abilities


You were on level 7 of the Dungeon.
You visited 2 branches of the dungeon, and saw 8 of its levels.
You also visited: Ossuary.

You collected 1312 gold pieces.

Inventory:

Hand Weapons
 x - a +4 dagger (weapon)
Missiles
 k - 2 throwing nets
Armour
 a - a +0 robe
 r - a +2 cloak (worn)
 y - a +0 kite shield (worn)
 z - +0 steam dragon scales (worn)
Magical Staves
 c - a staff of cold
 t - a staff of conjuration
Jewellery
 e - a ring of protection from cold (right hand)
 p - a ring of willpower (left hand)
Wands
 h - a wand of charming (9)
 s - a wand of digging (5)
 w - a wand of roots (17)
Scrolls
 f - 3 scrolls of teleportation
 l - a scroll of butterflies
 m - 2 scrolls of magic mapping
 v - 5 scrolls of blinking
Potions
 b - a potion of haste
 d - 3 potions of invisibility
 g - 3 potions of lignification
 i - a potion of heal wounds
 j - a potion of berserk rage
 n - 10 potions of curing
 o - 2 potions of attraction
 q - a potion of mutation
 u - a potion of might {unknown}
 A - a potion of degeneration {unknown}
 B - a potion of ambrosia {unknown}


   Skills:
 + Level 9.1 Fighting
 - Level 2.1 Dodging
 - Level 1.5 Stealth
 + Level 3.9 Shields
 + Level 7.5 Spellcasting
 - Level 4.0 Evocations


You had 5 spell levels left.
You knew the following spells:

 Your Spells              Type           Power      Damage    Failure   Level
a - Sting                 Tmut/Pois      100%       1d8       1%          1
b - Poisonous Vapours     Pois/Air       78%        N/A       1%          2
c - Gell's Gravitas       Tloc           39%        N/A       3%          3
z - Mephitic Cloud        Conj/Pois/Air  39%        N/A       3%          3
A - Olgreb's Toxic Radia  Pois           39%        N/A       11%         4
B - Ignite Poison         Fire/Tmut/Pois 39%        N/A       3%          3
M - Ensorcelled Hibernat  Hex/Ice        78%        N/A       1%          2
N - Shock                 Conj/Air       100%       1d9       1%          1
Your spell library was empty.

Dungeon Overview and Level Annotations

Branches:
Dungeon (7/15)             Temple (1/1) D:7         Ossuary (visited)

Altars:
Ashenzari
Dithmenos
Elyvilon
Fedhas
Gozag
Nemelex Xobeh
Okawaru
Qazlal
Ru
Trog
Wu Jian
Zin
The Shining One
Ignis


Innate Abilities, Weirdness & Mutations

You are immune to sickness and miasma.
You are immune to poison.
Your flesh is very heat resistant. (rF++)
You are vulnerable to cold. (rC-)
You float through the air rather than walking.
You learn spells naturally, not from books.
Your magical power is your life essence.
You have superior vitality. (+4 MHP)


Message History

The stinking cloud engulfs the gargoyle but does no damage.
The gargoyle is almost destroyed.
The stinking cloud engulfs you but does no damage.
The stinking cloud engulfs the slime creature but does no damage.
The slime creature is heavily wounded.
The slime creature is engulfed in blazing flames.
You block the gargoyle's attack.
The slime creature is engulfed in blazing flames.
Casting: Mephitic Cloud (dangerous; 3% risk of failure)
Confirm with . or Enter, or press ? or * to list all spells.
You don't know that spell.
Casting: Mephitic Cloud (dangerous; 3% risk of failure)
Confirm with . or Enter, or press ? or * to list all spells.
You don't know that spell.
Casting: Mephitic Cloud (dangerous; 3% risk of failure)
Confirm with . or Enter, or press ? or * to list all spells.
Aiming: Mephitic Cloud (dangerous; 3% risk of failure)
Press: ? - help, Shift-Dir - straight line, f/p - gargoyle
Aim: a gargoyle, wielding a +0 mace (almost destroyed, not susceptible)
The ball explodes into a vile cloud!
The stinking cloud engulfs the gargoyle but does no damage.
The gargoyle is almost destroyed.
The stinking cloud engulfs you but does no damage.
The stinking cloud engulfs the slime creature but does no damage.
The slime creature is almost dead.
The gargoyle hurls a stone arrow at you.
The stone arrow hits you!!
* * * LOW HITPOINT WARNING * * *
Casting: Mephitic Cloud (dangerous; 3% risk of failure)
Confirm with . or Enter, or press ? or * to list all spells.
You ignite the poison in your surroundings!
* * * LOW HITPOINT WARNING * * *
The gargoyle hurls a stone arrow at you.
The stone arrow hits you!
* * * LOW HITPOINT WARNING * * *
The slime creature is engulfed in blazing flames.
You kill the slime creature!
The gargoyle hurls a stone arrow at you.
The stone arrow hits you!!
You die...

≈.#._.#.≈.# #..##.##.####.##.##
.§#...#.≈.####.###.##....[.##..#
≈.###.#.≈......# #.###....####.##
≈.......≈.########.....##.####..#
§§≈§§≈≈≈≈.# ##...#####...###..
.§.§.§....# #...## ###.# ###
.....#....## #..## .#.#
...........#####.## ###..#.#
.....#..)#......@####○.(# #.#
#######.#######...☼.§C..# #.#
#...# ###.#9○#☼..# #.# #.###
####[..##.####..#.# ###.#
#.....###.# .#.# ###...# #.###.#
#.# ....### #. #..# #.# .####
##.## #.# .#### <##..# #..


You could see a cyclops and a gargoyle.

Vanquished Creatures
  A cyclops (D:7)
  A slime creature (D:7)
  A wyvern (D:5)
  2 steam dragons
  A vampire mosquito (D:7)
  A water moccasin (D:7)
  2 black bears
  A sky beast (D:7)
  An ice beast (D:7)
  2 ogres
  3 centaurs
  A phantom (D:4)
  2 bullfrogs (D:6)
  A necrophage (D:6)
  2 gnoll sergeants (D:6)
  2 scorpions
  A water moccasin zombie (Ossuary)
  3 howler monkeys
  A bullfrog zombie (Ossuary)
  3 orc priests (D:4)
  4 centaur zombies (Ossuary)
  A human zombie (Ossuary)
  8 hounds
  4 jellies
  An iguana (D:5)
  2 scorpion zombies (Ossuary)
  2 ogre zombies (Ossuary)
  A mummy (Ossuary)
  9 gnolls (D:6)
  12 adders
  2 shadow imps
  A white imp (D:7)
  An ufetubus (D:5)
  3 adder zombies (Ossuary)
  A worm (D:3)
  A dart slug (D:4)
  18 orcs
  11 bats
  7 endoplasms
  6 giant cockroaches
  3 gnoll zombies (Ossuary)
  10 goblins
  10 hobgoblins
  6 jackals
  7 kobolds
  6 quokkas
  6 ball pythons
  A frilled lizard (D:1)
  A goblin zombie (Ossuary)
  3 hobgoblin zombies (Ossuary)
  3 orc zombies (Ossuary)
  9 rats
192 creatures vanquished.

Vanquished Creatures (others)
  A fungus (D:2)
  A plant (D:2)
2 creatures vanquished.

Grand Total: 194 creatures vanquished

Notes
Turn   | Place    | Note
-------+----------+-------------------------------------------
     0 | D:1      | zishaf the Djinni Venom Mage began the quest for the Orb.
     0 | D:1      | zishaf set off with the following spells memorised: Sting,
                  | Poisonous Vapours, Mephitic Cloud, Olgreb's Toxic Radiance.
     0 | D:1      | Reached XP level 1. HP: 15/15 MP: 0/0
   119 | D:1      | Reached XP level 2. HP: 21/22 MP: 0/0
   160 | D:1      | Reached skill level 1 in Fighting
   387 | D:1      | Reached XP level 3. HP: 23/27 MP: 0/0
   387 | D:1      | Learned a level 1 spell: Shock
   681 | D:2      | Reached skill level 2 in Fighting
   798 | D:2      | Found a faded altar of an unknown god.
   877 | D:2      | Reached XP level 4. HP: 23/33 MP: 0/0
  1546 | D:3      | Reached XP level 5. HP: 11/40 MP: 0/0
  1546 | D:3      | Learned a level 2 spell: Ensorcelled Hibernation
  1721 | D:3      | Reached skill level 3 in Fighting
  2137 | D:3      | Reached XP level 6. HP: 37/46 MP: 0/0
  2712 | D:4      | Reached skill level 4 in Fighting
  2712 | D:4      | Reached skill level 1 in Evocations
  2821 | D:4      | Reached XP level 7. HP: 12/52 MP: 0/0
  2821 | D:4      | Learned a level 3 spell: Ignite Poison
  3687 | D:5      | Entered Level 5 of the Dungeon
  3797 | D:5      | Identified a scroll of acquirement
  3797 | D:5      | Acquired 785 gold pieces
  4225 | D:5      | Reached skill level 5 in Fighting
  4225 | D:5      | Reached XP level 8. HP: 52/59 MP: 0/0
  4227 | D:5      | Noticed a wyvern
  4287 | D:5      | Killed a wyvern
  4288 | D:5      | Reached skill level 5 in Spellcasting
  4740 | D:6      | Reached skill level 6 in Fighting
  4789 | D:6      | Reached XP level 9. HP: 10/67 MP: 0/0
  4789 | D:6      | Learned a level 3 spell: Gell's Gravitas
  4847 | D:6      | Identified the +1 ring mail of Past Mistakes {rF++ SInv}
  4923 | D:6      | Found a sand-covered staircase.
  5059 | Ossuary  | Entered an ossuary
  5246 | Ossuary  | Reached skill level 7 in Fighting
  5615 | Ossuary  | Noticed a silent spectre
  5870 | D:6      | Reached skill level 8 in Fighting
  6252 | D:7      | Found a staircase to the Ecumenical Temple.
  6262 | Temple   | Entered the Ecumenical Temple
  6468 | D:7      | Reached skill level 1 in Shields
  6582 | D:7      | Found a bloodstained altar of Trog.
  6685 | D:7      | Reached XP level 10. HP: 71/77 MP: 0/0
  6994 | D:7      | Noticed a cyclops
  6998 | D:7      | Killed a cyclops
  7022 | D:7      | Noticed a gargoyle
  7029 | D:7      | Reached skill level 9 in Fighting
  7031 | D:7      | Noticed a cyclops
  7037 | D:7      | Killed from afar by a gargoyle

Illustrated notes

Levels and vault maps discovered:
D:1:      mrwooster_arrival_arrow, layout_basic
D:2:      layout_basic, shapermc_ecumenical_altar_rom_forum
D:3:      minmay_bubble_buster, layout_loops_ring, mainiacjoe_overflow_alcove_2,
          corexii_item_surrounded_by_moat
D:4:      layout_cave_pools, hangedman_decor_opposing, minmay_circle_x
D:5:      layout_gridville, mainiacjoe_overflow_concentric_impassable
D:6:      layout_cave_pools, enter_ossuary_2, kennysheep_generic_room_7
D:7:      minmay_blocky_corners, layout_rooms,
          nicolae_kikubaaqudgha_miasma_corner, mainiacjoe_overflow_brackets,
          minmay_temple_entry_junction_2, grunt_decor_arrowhead
Temple:   pdpol_scorched_temple

Skill      XL: |  1  2  3  4  5  6  7  8  9 10 |
---------------+-------------------------------+-----
Fighting       | 1 2 3 4 5 6 8 9 |  9.1
Spellcasting   | 3 4 5 7 |  7.5
Evocations     | 1 3 4 |  4.0
Shields        | 1 3 |  3.9
Dodging        | |  2.1
Stealth        | |  1.5

Action                   |  1- 3 |  4- 6 |  7- 9 | 10-12 || total
-------------------------+-------+-------+-------+-------++-------
Melee: Unarmed           |     1 |       |       |       ||     1
       Dagger            |       |       |    68 |    13 ||    81
 Cast: Sting             |    80 |   144 |    11 |       ||   235
       Poisonous Vapours |       |    10 |    71 |     6 ||    87
       Ignite Poison     |       |       |    52 |     6 ||    58
       Mephitic Cloud    |       |       |    26 |     7 ||    33
       Olgreb's Toxic Ra |       |       |     6 |       ||     6
  Use: Scroll            |       |       |    24 |       ||    24
Armor: Robe              |     7 |    23 |    26 |       ||    56
       Steam dragon scal |       |       |       |     3 ||     3
Dodge: Dodged            |    36 |    59 |    51 |     6 ||   152
Block: Kite shield       |       |       |     3 |    10 ||    13

Table legend: (Time is in decaauts)
 A = Elapsed time spent in this place.
 B = Non-inter-level travel time spent in this place.
 C = Inter-level travel time spent in this place.
 D = Time resting spent in this place.
 E = Time spent auto-exploring this place.
 F = Levels seen in this place.
 G = Mean time per level.
                   A        B        C        D        E       F      G
               +--------+--------+--------+--------+--------+-----+--------+
         Total |   7041 |   6873 |    168 |    797 |   4711 |   9 |  782.3 |
       Dungeon |   6397 |   6229 |    168 |    539 |   4554 |   7 |  913.9 |
        Temple |     52 |     52 |      0 |      0 |     33 |   1 |   52.0 |
       Ossuary |    591 |    591 |      0 |    258 |    124 |   1 |  591.0 |
               +--------+--------+--------+--------+--------+-----+--------+

Top non-repeatable levels by time:
     D:3: 1477 daAuts
     D:5: 1027 daAuts
     D:6: 904 daAuts
     D:4: 808 daAuts
     D:2: 755 daAuts
     D:7: 754 daAuts
     D:1: 668 daAuts
 Ossuary: 591 daAuts
  Temple: 52 daAuts
